 Dungeon Crawl Stone Soup version 0.31-a0-700-gf13585253f (webtiles) character file.

Game seed: 12020834690660536854

176 lunkers the Insei (level 6, -2/47 HPs)
             Began as a Meteoran Shapeshifter on Sept 7, 2023.
             Slain by a black bear (6 damage)
             ... on level 4 of the Dungeon.
             The game lasted 00:05:17 (1448 turns).

lunkers the Insei (Meteoran Shapeshifter)           Turns: 1448, Time: 00:05:18

Health: -2/47      AC:  5    Str: 15    XL:     6   Next: 12%
Magic:  7/7        EV: 11    Int: 11    God:
Gold:   155        SH:  0    Dex: 17    Spells: 5/5 levels left

rFire   . .          .
                       - Unarmed
rCold   . . .        (no shield)
rNeg    . . .        f - +0 ring mail
rPois   .            (helmet currently unavailable)
rElec   .            (cloak currently unavailable)
rCorr   .            (gloves currently unavailable)
SInv    .            (boots currently unavailable)
Will    .....        (no amulet)
Stlth   +            (no ring)
HPRegen 0.27/turn    (no ring)
MPRegen 0.10/turn

%: no passive effects
@: beast-form, glowing
A: beast (slay +2), sense surroundings 1, otherworldly, glowing, explore regen
a: Begin Untransformation


You were on level 4 of the Dungeon.
You were a hulking beast.
You visited 1 branch of the dungeon, and saw 4 of its levels.

You collected 155 gold pieces.

Inventory:

Armour
 a - a +0 animal skin
 f - a +0 ring mail (worn)
Jewellery
 t - an amulet of magic regeneration
Talismans
 c - a beast talisman (active)
 d - a flux talisman
Scrolls
 e - a scroll of noise {unknown}
 g - a scroll of enchant weapon {unknown}
 h - a scroll of silence {unknown}
 i - 2 scrolls of enchant armour {unknown}
 k - 4 scrolls of teleportation {unknown}
 l - a scroll of fog {unknown}
 n - a scroll of immolation {unknown}
 o - a scroll of torment {unknown}
 s - a scroll of identify {unknown}
Potions
 b - a potion of lignification
 j - a potion of brilliance {unknown}
 m - a potion of berserk rage {unknown}
 p - 2 potions of curing {unknown}
 q - a potion of resistance {unknown}
 r - a potion of ambrosia {unknown}


   Skills:
 - Level 1.1 Fighting
 - Level 2.1 Dodging
 * Level 6.3 Unarmed Combat
 + Level 4.9 Shapeshifting


You had 5 spell levels left.
You didn't know any spells.
Your spell library contained the following spells:

 Spells                   Type           Power      Damage    Failure   Level
 Magic Dart               Conj           0%         1d3       56%         1


Dungeon Overview and Level Annotations

Branches:
Dungeon (4/15) Zot: 965
 Temple: D:4-7

Altars:

Shops:
D:3 *

Portals:
Abyss: D:3

Annotations:
D:3 2 transporters, justen's ghost, amateur KoBe


Innate Abilities, Weirdness & Mutations

You are a hulking beast.
Your limbs bulge with bestial killing power. (Slay +2)
You passively map a small area around you.
You are easily found by Zot.
You glow in the dark.
You regain HP and MP as you explore.


Message History

The black bear claws you.
* * * LOW HITPOINT WARNING * * *
You barely miss the black bear. You punch the black bear!
The black bear is heavily wounded.
The black bear barely misses you. The black bear misses you.
The black bear claws you but does no damage.
Unknown command.
You hit the black bear.
You punch the black bear, but do no damage.
The black bear is severely wounded.
The black bear goes berserk!
Unknown command.
You closely miss the black bear.
The black bear is severely wounded.
The black bear closely misses you. The black bear claws you.
* * * LOW HITPOINT WARNING * * *
The black bear closely misses you.
You hit the black bear.
The black bear is severely wounded.
The black bear bites you!
* * * LOW HITPOINT WARNING * * *
The black bear claws you.
* * * LOW HITPOINT WARNING * * *
The black bear closely misses you.
The black bear bites you but does no damage.
The black bear claws you.
* * * LOW HITPOINT WARNING * * *
The black bear claws you but does no damage.
You barely miss the black bear.
The black bear is severely wounded.
A quokka comes into view.
The black bear closely misses you. The black bear claws you.
* * * LOW HITPOINT WARNING * * *
The black bear barely misses you.
You closely miss the black bear.
The black bear is severely wounded.
The black bear bites you.
* * * LOW HITPOINT WARNING * * *
The black bear claws you.
You die...

###.##<########.#####.†.....#
, #......# #.#............
######## #.#.###.......#
##.#.# ######### #<...# *
##.#.# * * * #.###** *#.# , ,
, ,#h#,* , * ,,#h# * , ,,
,#.#, , ,#r# * * , ...,, ,,
,,,... ,, * ..., ..... , ,


You could see a black bear (berserk) and a quokka.

Vanquished Creatures
  An orc priest (D:3)
  2 orc wizards (D:3)
  3 adders
  2 dart slugs (D:2)
  8 orcs
  3 ball pythons
  7 bats
  5 endoplasms
  A giant cockroach (D:1)
  8 hobgoblins
  3 jackals (D:3)
  A frilled lizard (D:2)
  5 goblins
  3 kobolds
  4 rats
56 creatures vanquished.

Notes
Turn   | Place    | Note
-------+----------+-------------------------------------------
     0 | D:1      | lunkers the Meteoran Shapeshifter began the quest for the
                  | Orb.
     0 | D:1      | Reached XP level 1. HP: 16/16 MP: 2/2
   116 | D:1      | Reached XP level 2. HP: 23/23 MP: 3/3
   129 | D:1      | Reached skill level 4 in Unarmed Combat
   162 | D:1      | Found a faded altar of an unknown god.
   170 | D:1      | Got Plato's Tome of Outbursts
   489 | D:2      | Reached XP level 3. HP: 28/28 MP: 4/4
   719 | D:2      | Reached XP level 4. HP: 35/35 MP: 5/5
   724 | D:2      | Identified the +0 leather armour of Rol Sys {rElec Will+}
   873 | D:3      | Reached skill level 5 in Unarmed Combat
  1020 | D:3      | Reached XP level 5. HP: 34/40 MP: 6/6
  1043 | D:3      | Reached skill level 6 in Unarmed Combat
  1079 | D:3      | Found a transporter.
  1087 | D:3      | Noticed a small abomination
  1087 | D:3      | Noticed justen's ghost (amateur KoBe)
  1103 | D:3      | Found a one-way gate to the infinite horrors of the Abyss.
  1114 | D:3      | Found a transporter.
  1114 | D:3      | Noticed a small abomination
  1128 | D:3      | Noticed a small abomination
  1201 | D:3      | Reached XP level 6. HP: 47/47 MP: 7/7
  1228 | D:3      | Found Daterphi's Assorted Antiques.
  1434 | D:4      | Noticed a black bear
  1448 | D:4      | Slain by a black bear

Illustrated notes

Levels and vault maps discovered:
D:1:      zelgadis_glass_arrival_large, layout_loops_ring,
          shapermc_ecumenical_altar_rom_forum
D:2:      layout_basic, hangedman_decor_push, uniq_natasha
D:3:      layout_loops_ring, gammafunk_ghost_abyssal_escape, serial_shops,
          shop_statue
D:4:      layout_basic, mainiacjoe_overflow_divided_tiny,
          minmay_temple_entry_offerings

Skill      XL: |  1  2  3  4  5 |
---------------+----------------+-----
Unarmed Combat | 4 5 6 |  6.3
Shapeshifting  | 4 |  4.9
Fighting       | |  1.1
Dodging        | |  2.1

Action                     |  1- 3 |  4- 6 || total
---------------------------+-------+-------++-------
  Melee: Unarmed           |    58 |    83 ||   141
         Punch             |     1 |     3 ||     4
 Armour: Animal skin       |    14 |       ||    14
         Ring mail         |    20 |    60 ||    80
  Dodge: Dodged            |    16 |    36 ||    52

Table legend: (Time is in decaauts)
 A = Elapsed time spent in this place.
 B = Non-inter-level travel time spent in this place.
 C = Inter-level travel time spent in this place.
 D = Time resting spent in this place.
 E = Time spent auto-exploring this place.
 F = Levels seen in this place.
 G = Mean time per level.
                   A        B        C        D        E       F      G
               +--------+--------+--------+--------+--------+-----+--------+
         Total |   1433 |   1300 |    133 |      0 |    886 |   4 |  358.2 |
       Dungeon |   1433 |   1300 |    133 |      0 |    886 |   4 |  358.2 |
               +--------+--------+--------+--------+--------+-----+--------+

Top non-repeatable levels by time:
     D:3: 480 daAuts
     D:1: 479 daAuts
     D:2: 354 daAuts
     D:4: 119 daAuts
